Cogmind - Beta 11.1 @@@ ROGUE MODE // 2022.05.04 @ 14:43:49 Player: Azken Zutik Result: Self-destructed Performance ------------- Evolutions (2) 1000 Regions Visited (3) 600 Robots Destroyed (2) 10 Value Destroyed (11) 11 Prototype IDs (0) 0 Alien Tech Used (0) 0 Bonus (470) 470 TOTAL SCORE: 2091 Bonus ------- Pacifist 470 Cogmind --------- Core Integrity 193/550 Matter 259/300 Energy 100/100 System Corruption 0% Temperature Cool (0) Movement Core (50) Location -8/Materials Parts ------- > --- POWER (1) -------- (None) > --- PROPULSION (6) --- (None) > --- UTILITY (2) ------ (None) > --- WEAPON (2) ------- (None) > --- INVENTORY (5) ---- Light Ion Engine Light Treads Light Treads Wheel Peak State ------------ > --- POWER ------------ (None) > --- PROPULSION ------- (None) > --- UTILITY ---------- (None) > --- WEAPON ----------- Improved Grenade Launcher > --- INVENTORY -------- Light Ion Engine Light Treads Light Treads Wheel [Rating: 3] Favorites ----------- Power None Propulsion Flight Unit Flight Unit Flight Unit Utility None Weapon Assault Rifle Ballistic Gun Assault Rifle Launcher Improved Grenade Launcher Build | -11 -10 -9 -8 ------- Run | Scr Mat Mat Mat Slots Evolved 4 | . . 2 2 Power . | . . . . Propulsion 4 | . . 2 2 Utility . | . . . . Weapon . | . . . . Parts Attached 4 | . 1 1 2 Power . | . . . . Engine . | . . . . Core . | . . . . Reactor . | . . . . Propulsion 1 | . . 1 . Treads . | . . . . Leg . | . . . . Wheel . | . . . . Hover . | . . . . Flight 1 | . . 1 . Utility . | . . . . Device . | . . . . Storage . | . . . . Processor . | . . . . Hackware . | . . . . Protection . | . . . . Artifact . | . . . . Weapon 3 | . 1 . 2 Energy Gun . | . . . . Energy Cannon . | . . . . Ballistic Gun 1 | . 1 . . Ballistic Cannon . | . . . . Launcher 2 | . . . 2 Special Weapon . | . . . . Impact Weapon . | . . . . Slashing Weapon . | . . . . Piercing Weapon . | . . . . Special Melee Weapon . | . . . . Unidentified Prototypes . | . . . . Parts Lost 3 | . . 2 1 Power . | . . . . Propulsion 1 | . . 1 . Utility . | . . . . Weapon 2 | . . 1 1 Highest Loss Streak 2 | . . 2 1 To Critical Strikes 1 | . . . 1 Average Slot Usage (%) 5 | . 7 14 . Flight 1 | . . 5 . Ballistic Gun 4 | . 7 9 . Naked Turns 129 | . 23 5 101 Heaviest Build 6 | . 2 2 6 Greatest Support 4 | 3 3 4 3 Greatest Overweight (x) 1 | . . . 1 Average Overweight (x) . | . . . . Largest Inventory Capacity 5 | . 5 5 5 Average Capacity 5 | . 5 5 5 Most Carried 5 | . 5 4 5 Average Carried 4 | . 4 4 4 Final Capacity 5 | 5 5 5 5 Final Carried 5 | 5 4 4 4 Class Distribution -------------------- 100% | Mutant Dominant Class ---------------- Mutant | -10/Materials Mutant | -9/Materials Mutant | -8/Materials Resources | -11 -10 -9 -8 ----------- Run | Scr Mat Mat Mat Matter Collected 197 | 194 . . 3 Remotely . | . . . . Salvage Created 5 | . . . 5 Parts 1 | . . . 1 Haulers Intercepted . | . . . . Recyclers Shooed . | . . . . Parts Field Recycled . | . . . . Retrieved Matter . | . . . . Parts Self-Destructed . | . . . . Prevented . | . . . . Kills | -11 -10 -9 -8 ------- Run | Scr Mat Mat Mat Combat Hostiles Destroyed 1 | . . . 1 AOE 1 | . . . 1 Classes Destroyed 2 | . . . 2 Worker 1 | . . . 1 Swarmer 1 | . . . 1 Best Kill Streak 2 | . . . 2 Combat Bots Only 1 | . . . 1 Max Kills in Single Turn 1 | . . . 1 Gunslinging . | . . . . Exploded 1 | . . . 1 Melee . | . . . . Uniques/NPCs Destroyed . | . . . . Combat | -11 -10 -9 -8 -------- Run | Scr Mat Mat Mat Damage Taken 687 | . 39 221 427 Core 484 | . 16 111 357 Absorbed by Shields . | . . . . Core Remaining (%) 88 | 100 93 72 . Volleys Fired 7 | . 3 2 2 Largest 1 | . 1 1 1 Hottest 36 | . 20 20 36 Shots Fired 7 | . 3 2 2 Gun 5 | . 3 2 . Cannon . | . . . . Launcher 2 | . . . 2 Special . | . . . . Kinetic 5 | . 3 2 . Thermal . | . . . . Explosive 2 | . . . 2 Electromagnetic . | . . . . Robot Hit Streak 2 | . 2 . . Robot Miss Streak 3 | . 1 3 . Penetration Max . | . . . . Secondary Targets . | . . . . Shots Hit Robots 2 | . 2 . . Core Hits 4 | . 1 . 3 Critical Kills . | . . . . Critical Parts Destroyed . | . . . . Critical Strikes . | . . . . Melee Attacks . | . . . . Impact . | . . . . Slashing . | . . . . Piercing . | . . . . Sneak Attacks . | . . . . Combat Hostiles . | . . . . Follow-up Attacks . | . . . . Damage Inflicted 196 | . 33 25 138 Guns 25 | . 25 . . Cannons . | . . . . Explosions 112 | . . . 112 Melee . | . . . . Ramming 59 | . 8 25 26 Kinetic 25 | . 25 . . Thermal . | . . . . Explosive 112 | . . . 112 Electromagnetic . | . . . . Impact . | . . . . Slashing . | . . . . Piercing . | . . . . Highest Corruption . | . . . . Average Corruption . | . . . . Corruption Purged . | . . . . Corruption Blocked . | . . . . Overload Shots . | . . . . Overflow Damage . | . . . . Projectiles . | . . . . Explosions . | . . . . Melee . | . . . . Knockbacks . | . . . . Impact . | . . . . Kinetic . | . . . . Secondary . | . . . . Self-Inflicted Damage 105 | . 4 12 89 Shots 2 | . . . 2 Rammed 9 | . 2 5 2 Targets Rammed 9 | . 2 5 2 Kicked . | . . . . Crushed . | . . . . Highest Temperature . | . . . . Average Temperature . | . . . . Received Heat Transfer 135 | . 18 90 27 Siege Activations . | . . . . Robots Corrupted . | . . . . Combat Hostiles . | . . . . Parts Fried . | . . . . Impact Corruptions . | . . . . Robots Melted . | . . . . Combat Hostiles . | . . . . Parts Melted . | . . . . Heat Transferred . | . . . . Parts Sabotaged . | . . . . Parts Stolen . | . . . . Parts Stripped . | . . . . Power Chain Reactions . | . . . . Missiles Intercepted . | . . . . Alert | -11 -10 -9 -8 ------- Run | Scr Mat Mat Mat Peak Influence 378 | . 39 80 378 Initial 29 | . . 16 29 Average 97 | . 19 37 160 Maximum Alert Level 1 | . . . 1 Low Security (%) 83 | . 100 100 67 Level 1 16 | . . . 32 Level 2 . | . . . . Level 3 . | . . . . Level 4 . | . . . . Level 5 . | . . . . High Security . | . . . . Max Security . | . . . . Squads Dispatched 8 | . 1 2 5 Investigation 2 | . . 1 1 Extermination . | . . . . Reinforcement 6 | . 1 1 4 Assault . | . . . . Garrison . | . . . . Intercept . | . . . . Searches Triggered . | . . . . Construction Impeded . | . . . . Haulers Reinforced . | . . . . Active Scanning Responses . | . . . . Cargo Convoy Interrupts . | . . . . Stealth | -11 -10 -9 -8 --------- Run | Scr Mat Mat Mat Distress Signals 2 | . . 1 1 Communications Jammed . | . . . . Distress Signals . | . . . . Times Spotted 33 | . 2 9 22 Peak Tracking Total 12 | . 2 9 12 Tactical Retreats 4 | . . . 4 Traps | -11 -10 -9 -8 ------- Run | Scr Mat Mat Mat Traps Triggered 1 | . . . 1 Indirectly . | . . . . Trap Hack Attempts . | . . . . Triggered . | . . . . Disarmed . | . . . . Reprogrammed . | . . . . Reused . | . . . . Traps Extracted . | . . . . Installed . | . . . . Triggered . | . . . . Machines | -11 -10 -9 -8 ---------- Run | Scr Mat Mat Mat Machines Disabled . | . . . . Max in Single Turn . | . . . . Machines Sabotaged . | . . . . Garrisons Compromised . | . . . . Overloaded Fab Kills . | . . . . Hacking | -11 -10 -9 -8 --------- Run | Scr Mat Mat Mat Machines Accessed 6 | . 1 3 2 Terminals 6 | . 1 3 2 Fabricators . | . . . . Repair Stations . | . . . . Recycling Units . | . . . . Scanalyzers . | . . . . Garrison Access . | . . . . Total Hacks 13 | . 1 8 4 Successful 4 | . 1 2 1 Failed 9 | . . 6 3 Catastrophic 7 | . . 5 2 Database Lockouts . | . . . . Manual 12 | . 1 7 4 Terminals 13 | . 1 8 4 Fabricators . | . . . . Repair Stations . | . . . . Recycling Units . | . . . . Scanalyzers . | . . . . Garrison Access . | . . . . Terminal Hacks 4 | . 1 2 1 Level Access Points 3 | . 1 1 1 Zone Layout 1 | . . 1 . Fabricator Hacks . | . . . . Repair Station Hacks . | . . . . Recycling Unit Hacks . | . . . . Scanalyzer . | . . . . Garrison Access Hacks . | . . . . Unauthorized Hacks . | . . . . Terminals . | . . . . Fabricators . | . . . . Repair Stations . | . . . . Recycling Units . | . . . . Scanalyzers . | . . . . Garrison Access . | . . . . Data Cores Recovered . | . . . . Used . | . . . . Hacking Detections 3 | . . 2 1 Full Trace Events 3 | . . 2 1 Feedback Events . | . . . . Feedback Blocked . | . . . . Robot Schematics Acquired . | . . . . Robots Built . | . . . . Authchips . | . . . . Time . | . . . . Total Robot Build Rating . | . . . . Part Schematics Acquired . | . . . . Parts Built . | . . . . Authchips . | . . . . Time . | . . . . Total Part Build Rating . | . . . . Parts Repaired . | . . . . Time . | . . . . Parts Recycled . | . . . . Recycled Matter . | . . . . Retrieved Matter . | . . . . Retrieved Components . | . . . . Parts Scanalyzed . | . . . . Part Schematics Acquired . | . . . . Parts Damaged . | . . . . Bothacking | -11 -10 -9 -8 ------------ Run | Scr Mat Mat Mat Used RIF Installer . | . . . . Robots Hacked . | . . . . Non-combat . | . . . . Combat . | . . . . Robot Hacks Applied . | . . . . Relay Couplers Released . | . . . . Fabnet Peak Effective % . | . . . . Robots Rewired . | . . . . Allies Hacked . | . . . . Hacks Repelled . | . . . . Allies | -11 -10 -9 -8 -------- Run | Scr Mat Mat Mat Total Allies . | . . . . Largest Group . | . . . . Highest-Rated Group . | . . . . Highest-Rated Ally . | . . . . Total Orders . | . . . . Ally Attacks . | . . . . Total Damage . | . . . . Kills . | . . . . Allies Corrupted . | . . . . Allies Melted . | . . . . Intel | -11 -10 -9 -8 ------- Run | Scr Mat Mat Mat Robot Analysis Total . | . . . . Derelict Logs Recovered . | . . . . Drone Launches . | . . . . Drone Recoveries . | . . . . Exploration | -11 -10 -9 -8 ------------- Run | Scr Mat Mat Mat Turns Passed 207 | . 39 61 107 Spaces Moved 365 | 1 59 111 194 Core 312 | 1 59 58 194 Treads . | . . . . Legs . | . . . . Wheels . | . . . . Hover . | . . . . Flight 53 | . . 53 . Fastest Speed 40 | 50 50 40 50 Average Speed 48 | 50 50 45 50 Slowest Speed 100 | 50 50 50 100 Overloaded Moves . | . . . . Propulsion Burnouts . | . . . . Robots Hopped 1 | . . 1 . Cave-ins Triggered . | . . . . Exploration Rate (%) 17 | 2 16 17 34 Regions Visited 3 Branch Regions . Pre-discovered Areas . | . . . . Known Exits Taken 2 | . 1 1 . Unknown Exits Taken 1 | 1 . . . Scrap Searched . | . . . . Spaces Dug 35 | . . . 35 Terrain Destroyed 35 | . . . 35 Melee . | . . . . Projectile . | . . . . AOE 35 | . . . 35 Terrain Rammed . | . . . . Walls Destroyed . | . . . . Machines Disabled . | . . . . Actions | -11 -10 -9 -8 --------- Run | Scr Mat Mat Mat Total 382 | . 64 117 201 Wait . | . . . . Move 360 | . 58 108 194 Hop 1 | . . 1 . Pick Up . | . . . . Fast Attach 2 | . . 1 1 Attach 2 | . 1 . 1 Detach 1 | . . . 1 Swap . | . . . . Drop . | . . . . Fire 7 | . 3 2 2 Melee . | . . . . Ram 9 | . 2 5 2 Kick . | . . . . Crush . | . . . . Escape Stasis . | . . . . Rewire . | . . . . Trap . | . . . . Miscellaneous . | . . . . Route ------- -11/Scrapyard -10/Materials (discovered 3 exits: *Mat x3) -9/Materials (discovered 3 exits: *Mat x3) -8/Materials (discovered 3 exits: Fac x3) History --------- Turn | Location | Event 1 | -11/Scrapyard | Released all parts (6) 1 | -11/Scrapyard | Discovered new exit (range 0) 1 | -11/Scrapyard | Entered Materials 5 | -10/Materials | Identified exit to Materials 40 | -10/Materials | Entered another Materials area 40 | -9/Materials | Evolved 2 slots: Propulsion x2 70 | -9/Materials | Identified exit to Materials 101 | -9/Materials | Entered another Materials area 101 | -8/Materials | Evolved 2 slots: Propulsion x2 170 | -8/Materials | Identified exit to Factory 202 | -8/Materials | Core integrity fell below 50% 208 | -8/Materials | Self-destructed Last Messages --------------- 00169_ K-01 Serf collects debris. 00170_ Connecting with Terminal... >>Access(Main) Found 3 level access points to Factory: (87,22) (80,90) (20,7) Map updated. 00172_ K-01 Serf collects debris. 00189_ ALERT: Hostiles spotted, dispatching reinforcements to Terminal M002. 00194_ Acquired Imp. Grenade Launcher. 00198_ Triggered Alarm Trap. 00198_ An alarm sounds. 00198_ ALERT: Alarm triggered, dispatching investigation squad. 00204_ K-01 Serf destroyed. 00206_ S-10 Pest destroyed. 00206_ Slug penetrates Wall. 00207_ Critical hit (Destroy). 00207_ Imp. Grenade Launcher destroyed. Map ----- +----------------------------------------------------+ | | | | | | | | | | | | | ????????????###?????????????????????????????????? | | ???????????#"""#????????????????????????????????? | | ???????????#"T"#????????????????????????????????? | | ???????#####" "#######??????????????????????????? | | ###????+ +??????????????????????????? | | +????# #??????????????????????????? | | # #????# """ """ #??????????????????????????? | | # ###??# """ """ ##?????????????????????????? | | #### """ """ T#?????????????????????????? | | % % | #??????????????????????????? | | #??????????????????????????? | | ##### ##### #??????????????????????????? | | ##"###???# #???# #??????????????????????????? | | #"###?????# #???# #??????????????????????????? | | ###???????# #???# #??????????????????????????? | | #?????????#/#???# #??####????????????????????? | | #????????? ?### #### ##???????????????????? | | #????????? ! ?# ###?????????????????? | | ???????# # Y #?????????????????? | | #??????# + T = @ #?????????????????? | | T +????????""" # s #?????????????????? | | #????????"""?# ss ##?????????????????? | | #????????????## s ## #?????